 Dungeon Crawl Stone Soup version 0.30.0-30-g96aa6591b8 (webtiles) character file.

Game seed: 12541799457558828350

103 Pepete the Sneak (level 4, 0/18 HPs)
             Began as a Felid Conjurer on June 29, 2023.
             Killed by nerve-wracking pain
             ... invoked by Menkaure
              (11 damage)
             ... on level 4 of the Dungeon.
             The game lasted 00:04:49 (5625 turns).

Pepete the Sneak (Felid Conjurer)                   Turns: 5625, Time: 00:04:50

Health: 0/18       AC:  1    Str:  3    XL:     4   Next: 51%
Magic:  9/9        EV: 18    Int: 21    God:
Gold:   147        SH:  0    Dex: 14    Spells: 4/9 levels left
                                        Lives:  0   Deaths: 1

rFire   . . .        (weapon unavailable)
rCold   . . .        (shield unavailable)
rNeg    . . .        (body armour unavailable)
rPois   .            (helmet unavailable)
rElec   .            (cloak unavailable)
rCorr   .            (gloves unavailable)
SInv    +            (boots unavailable)
Will    .....        (no amulet)
Stlth   +++          (no ring)
HPRegen 0.23/turn    (no ring)
MPRegen 0.11/turn

%: no passive effects
@: quick
A: very small, claws 1, fangs 3, see invisible, speed 1, shaggy fur 1, stealthy
paws, no weapons or thrown items, no armour, multi-lived
a: no special abilities


You were on level 4 of the Dungeon.
You visited 1 branch of the dungeon, and saw 4 of its levels.

You collected 147 gold pieces.

Inventory:

Wands
 c - a wand of flame (14)
Scrolls
 b - 5 scrolls of identify
 e - a scroll of enchant armour
Potions
 g - a potion of haste {unknown}


   Skills:
 + Level 4.2 Dodging
 + Level 4.4 Stealth
 + Level 3.0 Spellcasting
 + Level 4.3 Conjurations


You had 4 spell levels left.
You knew the following spells:

 Your Spells              Type           Power      Damage    Failure   Level
a - Magic Dart            Conj           84%        1d7       2%          1
b - Fulminant Prism       Conj/Hex       6%         3d6       50%         4

Your spell library contained the following spells:

 Spells                   Type           Power      Damage    Failure   Level
 Searing Ray              Conj           42%        2d6       3%          2
 Dazzling Flash           Conj/Hex       24%        N/A       17%         3
 Iskenderun's Mystic Bla  Conj/Tloc      12%        2d5       50%         4


Dungeon Overview and Level Annotations

Branches:
Dungeon (4/15)
 Temple: D:4-7

Altars:
Kikubaaqudgha

Annotations:
D:4 Menkaure


Innate Abilities, Weirdness & Mutations

You have sharp claws.
You have razor-sharp teeth.
You have supernaturally acute eyesight. (SInv)
You cover ground quickly. (Speed+)
You are covered in fur. (AC +1)
Your paws help you pounce on unaware monsters.
You are incapable of wielding weapons or throwing items.
You cannot wear armour.
You gain extra lives every three experience levels.


Message History

Found an escape hatch in the ceiling.
The magic dart hits the endoplasm.
You kill the endoplasm!
The magic dart hits the giant cockroach.
The giant cockroach is severely wounded.
You miscast Magic Dart.
You are very lightly contaminated with residual magic.
Nothing appears to happen.
The magic dart hits the giant cockroach.
The giant cockroach is almost dead.
A giant cockroach is nearby!
The magic dart hits the giant cockroach but does no damage.
The giant cockroach is almost dead.
You start resting.
A giant cockroach is nearby!
The magic dart hits the giant cockroach.
You kill the giant cockroach!
Your Spellcasting skill increases to level 3!
You can't see any susceptible monsters within range! (Use Z to cast anyway.)
You start resting.
Your magical contamination has completely faded away.
Magic restored.
Found a whip.
There is an open door here.
You open the door.
There is an open door here.
Menkaure, Prince of Dust comes into view.
Menkaure is nearby!
The magic dart hits Menkaure.
Menkaure is lightly damaged.
You can't see any susceptible monsters within range! (Use Z to cast anyway.)
You can't see any susceptible monsters within range! (Use Z to cast anyway.)
You can't see any susceptible monsters within range! (Use Z to cast anyway.)
There is an open door here.
Menkaure calls on the powers of darkness!
Your body is wracked with pain!
Menkaure gestures at you while chanting.
Pain shoots through your body!
Ouch! That really hurt!
You die...

#.# #.# #.###### #.#
#...M..##############.#
#.#............#.#
#.'M...........#.#
###............#.#
#...........)#.#
#.....@......#.#
..###.......<....#.#
.........###'######.#
...#####.# #.## #.# #
#.# #..# #)# #.# ##.#
#.# #.# #.# ###.#
#.####.###...#
#......>...###


You could see Menkaure.

Vanquished Creatures
  An orc priest (D:3)
  An iguana (D:4)
  5 adders
  A worm (D:2)
  2 dart slugs (D:1)
  2 orcs (D:3)
  4 endoplasms
  A giant cockroach (D:4)
  4 goblins
  9 hobgoblins
  3 jackals (D:2)
  2 quokkas
  2 ball pythons
  2 bats
  4 frilled lizards (D:2)
  A rat (D:2)
44 creatures vanquished.

Notes
Turn   | Place    | Note
-------+----------+-------------------------------------------
     0 | D:1      | Pepete the Felid Conjurer began the quest for the Orb.
     0 | D:1      | Reached XP level 1. HP: 7/7 MP: 4/4
   599 | D:1      | Reached XP level 2. HP: 11/11 MP: 0/6
  2186 | D:2      | Reached XP level 3. HP: 14/14 MP: 4/7
  3181 | D:3      | Reached XP level 4. HP: 18/18 MP: 2/8
  3436 | D:3      | Learned a level 4 spell: Fulminant Prism
  3439 | D:3      | Found an ancient bone altar of Kikubaaqudgha.
  3653 | D:3      | You fall into a shaft and drop 1 floor!
  4326 | D:3      | Killed from afar by an orc priest
  4327 | D:3      | Reached XP level 3. HP: -2/14 MP: 3/8
  4334 | D:3      | Reached XP level 4. HP: 18/18 MP: 6/9
  5613 | D:4      | Noticed Menkaure
  5625 | D:4      | Killed from afar by Menkaure

Illustrated notes

Levels and vault maps discovered:
D:1:      dpeg_arrival_connections, layout_rooms, minmay_misc_feat_columns
D:2:      layout_basic
D:3:      layout_basic, kiku_gazebo_garden_becter, minmay_misc_feat_five,
          dreamdust_princess_corridor
D:4:      layout_basic, uniq_menkaure, uniq_blork_the_orc

Skill      XL: |  1  2  3  4 |
---------------+-------------+-----
Dodging        | 3 4 |  4.2
Stealth        | 3 4 |  4.4
Conjurations   | 4 |  4.3
Spellcasting   | 3 |  3.0

Action                     |  1- 3 |  4- 6 || total
---------------------------+-------+-------++-------
  Melee: Unarmed           |     2 |       ||     2
         Bite              |     1 |       ||     1
   Cast: Magic Dart        |    81 |    39 ||   120
    Use: Potion            |     6 |     2 ||     8
         Scroll            |     4 |     2 ||     6
 Armour: Skin              |     1 |       ||     1
  Dodge: Dodged            |    14 |     9 ||    23
